 Dungeon Sprint DCSS version 0.21-a0-274-gc1afaeb (webtiles) character file.

515 potatolord6000 the Thaumaturge (level 7, -4/54 HPs)
             Began as a Deep Elf Fire Elementalist on Sept 19, 2017.
             Was an Elder of Vehumet.
             Slain by a freezing wraith (6 damage)
             ... in the Dungeon (Sprint VII: "The Pits").
             The game lasted 00:05:30 (876 turns).

potatolord6000 the Thaumaturge (DEFE)                Turns: 876, Time: 00:05:31

Health: -4/54      AC:  2    Str: 11    XL:     7   Next: 0%
Magic:  17/21      EV: 17    Int: 21    God:    Vehumet [****..]
Gold:   0          SH:  0    Dex: 15    Spells: 9/24 levels left

rFire    . . .     SeeInvis .   e - +2 dagger (drain)
rCold    . . .     Gourm    .   (no shield)
rNeg     . . .     Faith    .   a - +0 robe
rPois    .         Spirit   .   (no helmet)
rElec    .         Reflect  .   (no cloak)
rCorr    .         Harm     .   (no gloves)
MR       .....     NoTele   +   (no boots)
Stlth    ..........             (no amulet)
HPRegen  0.18/turn              (no ring)
MPRegen  0.17/turn              (no ring)

@: berserking, very slightly contaminated, slowed
A: no striking features
a: Renounce Religion


You were in the Dungeon.
You worshipped Vehumet.
Vehumet was greatly pleased with you.
You were not hungry.

You visited 1 branch

Inventory:

Hand Weapons
 e - a +2 dagger of draining (weapon)
Armour
 a - a +0 robe (worn)
Scrolls
 l - 3 scrolls of remove curse
 m - 5 scrolls of amnesia
 n - a scroll of summoning
Potions
 d - 5 potions of curing
 f - 2 potions of heal wounds
 g - 3 potions of magic
 h - a potion of berserk rage
 k - 2 potions of invisibility
Books
 b - a book of Flames

   Spells                             Type                      Level
   a - Flame Tongue                   Conjuration/Fire             1
   b - Throw Flame                    Conjuration/Fire             2
   c - Conjure Flame                  Conjuration/Fire             3
   d - Inner Flame                    Hexes/Fire                   3
   e - Sticky Flame                   Conjuration/Fire             4
   f - Fireball                       Conjuration/Fire             5
Comestibles
 c - 8 bread rations
 o - 40 fruits
 p - 7 meat rations


   Skills:
 + Level 8.3 Dodging
 + Level 9.1 Stealth
 + Level 9.3 Spellcasting
 + Level 7.3 Conjurations
 + Level 8.1 Fire Magic


You had 9 spell levels left.
You knew the following spells:

 Your Spells              Type           Power        Failure   Level  Hunger
a - Flame Tongue          Conj/Fire      #####        1%          1    None
b - Throw Flame           Conj/Fire      #####.       1%          2    None
c - Sticky Flame          Conj/Fire      #####...     1%          4    ##.....
d - Inner Flame           Hex/Fire       ####....     1%          3    None
e - Fireball              Conj/Fire      #####.....   2%          5    #####..


Dungeon Overview and Level Annotations

Branches:
Dungeon (1/1)

Altars:
Ashenzari
Cheibriados
Dithmenos
Elyvilon
Fedhas
Gozag
Hepliaklqana
Kikubaaqudgha
Makhleb
Nemelex Xobeh
Okawaru
Qazlal
Ru
Sif Muna
Trog
Uskayaw
Vehumet
Wu Jian
Xom
Yredelemnul
Zin
The Shining One
Beogh
Jiyva
Lugonu


Message History

The sticky flame hits the freezing wraith.
The freezing wraith appears unharmed.
The freezing wraith closely misses you. x2
A red film seems to cover your vision as you go berserk!
You feel yourself moving faster!
You feel mighty!
The freezing wraith completely misses you.
The freezing wraith hits you! The freezing wraith drains your vigour!
You feel yourself slow down.
You hit the freezing wraith.
The freezing wraith is lightly damaged.
The freezing wraith hits you. The freezing wraith freezes you!!
The freezing wraith closely misses you.
Unknown command.
You hit the freezing wraith.
The freezing wraith is moderately damaged.
The freezing wraith hits you.
* * * LOW HITPOINT WARNING * * *
The freezing wraith freezes you!
* * * LOW HITPOINT WARNING * * *
The freezing wraith hits you.
You die...

#.#...)))[.##.......#
#)###########.......#
#.......# #########
#.###...# #)#.....#
#.#...#.#+#
#.....#.#.+
#...###.#W#
#.......@(#
###########


You could see a freezing wraith.

Vanquished Creatures
  A flying skull (D)
  An orc warrior (D)
  Blork the orc (D)
  A big kobold (D)
  A crimson imp (D)
  2 orc wizards (D)
  A river rat (D)
  2 oozes (D)
  An adder skeleton (D)
  An orc (D)
  A hobgoblin (D)
  2 kobolds (D)
  A ball python (D)
  4 frilled lizards (D)
20 creatures vanquished.

Notes
Turn   | Place    | Note
-------+----------+-------------------------------------------
     0 | D        | potatolord6000 the Deep Elf Fire Elementalist began the quest for the Orb.
     0 | D        | Reached XP level 1. HP: 10/10 MP: 6/6
    46 | D        | Found a bloodstained altar of Trog.
    46 | D        | Found a deep blue altar of Sif Muna.
    46 | D        | Found a viscous altar of Jiyva.
    46 | D        | Found a hazy altar of Hepliaklqana.
    46 | D        | Found an opulent altar of Gozag.
    47 | D        | Found a glowing golden altar of the Shining One.
    47 | D        | Found a glowing silver altar of Zin.
    47 | D        | Found a basalt altar of Yredelemnul.
    47 | D        | Found a shimmering altar of Xom.
    47 | D        | Found an ornate altar of the Wu Jian Council.
    47 | D        | Found a sacrificial altar of Ru.
    47 | D        | Found a stormy altar of Qazlal.
    47 | D        | Found an iron altar of Okawaru.
    47 | D        | Found a sparkling altar of Nemelex Xobeh.
    47 | D        | Found a burning altar of Makhleb.
    47 | D        | Found a blossoming altar of Fedhas.
    47 | D        | Found a white marble altar of Elyvilon.
    47 | D        | Found a shadowy altar of Dithmenos.
    47 | D        | Found a snail-covered altar of Cheibriados.
    49 | D        | Found a radiant altar of Vehumet.
    49 | D        | Found a corrupted altar of Lugonu.
    49 | D        | Found a roughly hewn altar of Beogh.
    51 | D        | Found an ancient bone altar of Kikubaaqudgha.
    51 | D        | Found a hide-covered altar of Uskayaw.
    51 | D        | Found a shattered altar of Ashenzari.
    65 | D        | Became a worshipper of Vehumet
   135 | D        | Reached XP level 2. HP: 1/15 MP: 3/9
   136 | D        | Reached * piety under Vehumet
   136 | D        | Offered knowledge of Shock by Vehumet.
   408 | D        | Learned a level 2 spell: Throw Flame
   412 | D        | Noticed a big kobold
   426 | D        | Killed a big kobold
   426 | D        | Offered knowledge of Sting by Vehumet.
   426 | D        | Reached ** piety under Vehumet
   426 | D        | Reached skill level 5 in Dodging
   426 | D        | Reached skill level 5 in Stealth
   426 | D        | Reached skill level 5 in Spellcasting
   426 | D        | Reached skill level 5 in Fire Magic
   426 | D        | Reached XP level 3. HP: 17/19 MP: 2/12
   426 | D        | Reached XP level 4. HP: 22/24 MP: 2/13
   587 | D        | Learned a level 4 spell: Sticky Flame
   592 | D        | Learned a level 3 spell: Inner Flame
   604 | D        | Noticed a flying skull
   606 | D        | Offered knowledge of Mephitic Cloud by Vehumet.
   606 | D        | Reached *** piety under Vehumet
   614 | D        | Killed a flying skull
   614 | D        | Reached XP level 5. HP: 28/28 MP: 6/17
   614 | D        | Reached XP level 6. HP: 32/32 MP: 6/18
   624 | D        | Noticed an orc warrior
   631 | D        | Killed an orc warrior
   638 | D        | Noticed Blork the orc
   686 | D        | Killed Blork the orc
   686 | D        | Reached **** piety under Vehumet
   743 | D        | Offered knowledge of Airstrike by Vehumet.
   745 | D        | Reached XP level 7. HP: 33/36 MP: 11/21
   846 | D        | Learned a level 5 spell: Fireball
   866 | D        | Noticed a freezing wraith
   876 | D        | HP: 2/54 [freezing wraith (10)]
   876 | D        | Slain by a freezing wraith

Vault maps used:
D:        pitsprint

Skill      XL: |  1  2  3  4  5  6 |
---------------+-------------------+-----
Dodging        | 3 5 7 8 |  8.3
Stealth        | 3 5 7 9 |  9.1
Spellcasting   | 4 5 7 9 |  9.3
Conjurations   | 2 4 6 7 |  7.3
Fire Magic     | 4 5 7 8 |  8.1

Action                   |  1- 3 |  4- 6 |  7- 9 || total
-------------------------+-------+-------+-------++-------
Melee: Dagger            |     3 |    77 |     2 ||    82
 Cast: Flame Tongue      |    18 |    23 |     2 ||    43
       Throw Flame       |       |     4 |       ||     4
       Inner Flame       |       |     2 |       ||     2
       Sticky Flame      |       |     3 |     1 ||     4
  Use: Potion            |     2 |     6 |     1 ||     9
       Scroll            |       |       |     1 ||     1
Armor: Robe              |     2 |     5 |       ||     7
Dodge: Dodged            |    10 |    55 |     4 ||    69

Table legend:
 A = Spawn XP
 B = Non-spawn XP
 C = Spawn XP percentage of total XP
 D = Spawn monster count
 E = Non-spawn monster count
 F = Spawn count percentage of total count
 G = Total turns spent on level
                    A         B        C        D         E        F      G
               +---------+---------+-------+---------+---------+-------+---------
         Total |       0 |     737 |   0.0 |       0 |      20 |   0.0 |   876
               +---------+---------+-------+---------+---------+-------+---------
             D |       0 |     737 |   0.0 |       0 |      20 |   0.0 |   876
               +---------+---------+-------+---------+---------+-------+---------
